Map: Submarine LE

Players

SpikeDrone - Winner!

  • Race: Protoss Protoss
  • League: Gold

GekkeG

  • Race: Zerg Zerg

VOD

Have the link to the VOD?

Description

Time

  • Played on: May 5, 2021, 5:18 p.m.
  • Length: 17:37
Show
View Real Time Build Order
Export as new Build Order

SpikeDrone Protoss - Winner!

Build Orders: 1 Gate Expand 

Get SALT Encoding   

  12  0:00  Probe  
  13  0:12  Probe  
  14  0:19  Pylon  
  14  0:24  Probe  
  15  0:37  Probe (Chrono Boost)  
  15  0:38  Gateway  
  16  0:49  Probe (Chrono Boost)  
  17  0:54  Probe (Chrono Boost)  
  18  1:13  Probe  
  19  1:25  Nexus  
  19  1:34  Cybernetics Core  
  19  1:35  Probe  
  20  1:43  Assimilator  
  20  1:47  Probe  
  20  1:52  Pylon  
  21  1:59  Probe  
  22  2:11  Probe  
  23  2:17  Gateway  
  23  2:24  Probe  
  23  2:27  Gateway  
  23  2:28  Warp Gate  
  24  2:36  Probe  
  25  2:37  Assimilator  
  25  2:41  Probe  
  26  2:46  Stalker (Chrono Boost)  
  26  2:48  Probe  
  29  3:00  Probe  
  29  3:01  Probe  
  33  3:09  Zealot (Chrono Boost)  
  33  3:17  Twilight Council  
  33  3:23  Probe  
  36  3:27  Zealot x2  
  36  3:32  Probe  
  39  3:35  Probe  
  40  3:43  Gateway  
  40  3:44  Probe, Gateway  
  41  3:50  Charge (Chrono Boost)  
  38  4:25  Zealot x3  
  40  4:42  Shield Battery  
  40  4:48  Probe  
  40  4:51  Stalker x3  
  40  4:52  Stalker x2  
  38  5:15  Stalker x3  
  38  5:16  Stalker  
  46  5:29  Pylon  
  46  5:42  Pylon x2  
  46  5:47  Zealot, Probe x2  
  46  5:48  Zealot x2  
  52  5:52  Pylon  
  47  6:10  Zealot x3  
  47  6:11  Zealot x2  
  43  6:28  Probe x2  
  45  6:33  Zealot x4  
  45  6:34  Zealot  
  45  6:37  Gateway  
  55  6:41  Probe x2  
  57  6:54  Zealot x4  
  63  7:04  Zealot  
  65  7:11  Probe x2  
  67  7:17  Gateway x2  
  67  7:27  Nexus  
  65  7:31  Probe x2  
  63  7:38  Zealot x3  
  63  7:43  Probe  
  70  7:45  Pylon  
  70  7:47  Pylon  
  70  7:59  Probe  
  70  8:01  Pylon  
  70  8:02  Pylon  
  70  8:03  Assimilator, Probe  
  55  8:15  Zealot x2, Probe  
  55  8:16  Zealot x5  
  58  8:23  Stalker  
  60  8:30  Shield Battery  
  60  8:31  Shield Battery, Probe x2  
  62  8:37  Stalker x2  
  66  8:43  Probe x2  
  67  8:54  Stalker x2  
  67  8:55  Probe  
  70  9:01  Stalker x2  
  62  9:18  Stalker x4  
  66  9:26  Zealot  
  66  9:27  Zealot x2  
  66  9:28  Zealot  
  74  9:39  Probe  
  74  9:40  Probe  
  74  9:41  Robotics Facility  
  76  9:47  Pylon  
  76  9:51  Probe  
  76  9:52  Forge, Probe  
  78  10:09  Probe x2  
  78  10:12  Probe  
  81  10:17  Assimilator  
  81  10:20  Pylon  
  81  10:21  Probe x2  
  83  10:24  Probe  
  83  10:25  Stalker, Templar Archives  
  83  10:26  Stalker x4  
  94  10:33  Probe x2  
  96  10:36  Probe  
  96  10:38  Assimilator  
  97  10:45  Probe x2  
  95  10:52  Stalker  
  95  10:53  Stalker x4  
  95  10:54  Stalker x2  
  93  11:16  Probe x3  
  96  11:28  Stalker x2, Probe x3, Gateway  
  96  11:31  Nexus  
  103  11:33  Pylon  
  103  11:35  Pylon  
  103  11:36  Pylon  
  103  11:40  Assimilator, Probe x2  
  103  11:41  Probe  
  103  11:42  Stalker  
  103  11:43  Stalker  
  103  11:44  Observer  
  111  11:52  Probe x2  
  111  11:53  Probe  
  110  12:04  Probe x2  
  110  12:05  Stalker x6  
  110  12:06  Stalker  
  110  12:07  Probe  
  123  12:16  Probe  
  123  12:17  Probe  
  123  12:19  Probe  
  123  12:22  Zealot x2  
  130  12:29  Probe x2  
  132  12:31  Probe  
  133  12:38  Shield Battery  
  133  12:41  Shield Battery  
  123  12:51  Probe x3  
  114  13:04  Stalker x5  
  114  13:05  Stalker x4  
  120  13:09  Pylon  
  112  13:17  Pylon  
  110  13:23  Pylon  
  108  13:32  Stalker x2  
  108  13:33  Stalker x5  
  108  13:34  Stalker x2  
  126  13:45  Probe x4  
  127  13:57  Probe x2  
  121  14:12  Stalker  
  121  14:13  Stalker x7  
  121  14:14  Stalker  
  120  14:39  Stalker x3  
  120  14:40  Stalker x2  
  120  14:48  Zealot x2  
  120  14:49  Zealot x2  
  110  15:04  Gateway, Probe x3  
  110  15:05  Gateway  
  111  15:07  Gateway  
  111  15:09  Gateway  
  107  15:16  Zealot x3  
  107  15:17  Zealot x5  
  107  15:18  Zealot  
  123  15:24  Probe x2  
  125  15:38  Nexus  
  125  15:40  Zealot x2  
  125  15:41  Zealot x7  
  143  15:53  Probe, Gateway x2  
  143  15:54  Probe x3  
  147  16:06  Zealot x8  
  147  16:07  Zealot x5  
  167  16:32  Zealot x2  
  157  16:33  Zealot x6  
  157  16:34  Zealot x4  
  159  16:55  Zealot x4  
  159  16:56  Zealot x5  
  173  17:13  Zealot x6  
  153  17:29  Zealot x5  
  161  17:30  Zealot x4  
Show
View Real Time Build Order
Export as new Build Order

GekkeG Zerg 

Build Orders: Hatch First 

Get SALT Encoding   

  12  0:00  Drone  
  13  0:12  Overlord  
  13  0:18  Drone  
  14  0:31  Drone x2  
  16  0:49  Hatchery  
  15  0:52  Drone  
  15  0:55  Drone  
  17  1:00  Drone  
  18  1:07  Drone  
  18  1:10  Extractor  
  18  1:18  Spawning Pool  
  18  1:21  Drone  
  18  1:28  Drone  
  19  1:39  Drone  
  20  1:49  Overlord  
  20  2:10  Roach Warren  
  20  2:12  Drone x2, Queen x2  
  20  2:15  Zergling x2  
  26  2:19  Zergling x2  
  26  2:21  Drone  
  28  2:24  Drone  
  29  2:33  Drone  
  29  2:34  Drone  
  31  2:48  Drone x2  
  33  3:00  Drone  
  33  3:01  Roach  
  33  3:03  Lair  
  36  3:06  Overlord  
  36  3:07  Overlord  
  36  3:17  Evolution Chamber  
  35  3:20  Evolution Chamber  
  35  3:23  Roach  
  36  3:27  Roach x4  
  36  3:31  Roach  
  46  3:37  Roach  
  46  3:39  Extractor  
  47  3:42  Extractor  
  47  3:43  Roach  
  47  3:46  Overlord  
  48  4:04  Overlord x2, Roach x2  
  51  4:36  Roach x3  
  57  4:43  Extractor  
  55  4:55  Hatchery  
  50  5:09  Roach  
  50  5:10  Roach x3  
  48  5:23  Roach  
  49  5:28  Drone x3  
  49  5:29  Drone x4  
  55  5:41  Drone x2, Spine Crawler x2  
  49  6:02  Roach x4  
  57  6:10  Drone  
  50  6:24  Roach x2  
  48  6:43  Drone  
  48  6:44  Roach x2  
  48  7:04  Roach  
  48  7:08  Roach x5  
  48  7:09  Roach x2  
  54  7:19  Spine Crawler, Roach x2  
  54  7:20  Roach  
  59  7:24  Zerg Ground Armor Level 1, Zerg Missile Weapons Level 1  
  59  7:25  Roach x4  
  67  7:41  Drone  
  68  7:44  Overlord  
  68  8:04  Spine Crawler  
  67  8:09  Overlord x2, Roach x2  
  67  8:10  Roach  
  67  8:11  Roach  
  65  8:14  Roach  
  65  8:20  Overlord  
  65  8:25  Queen x2  
  69  8:35  Ravager  
  69  8:36  Ravager x2  
  69  8:38  Ravager x2  
  74  8:49  Hatchery  
  39  9:28  Drone  
  39  9:29  Drone x4  
  44  9:35  Drone x3  
  44  9:37  Drone x5  
  54  9:38  Roach x2  
  54  9:44  Metabolic Boost, Baneling Nest  
  55  9:47  Zerg Missile Weapons Level 2  
  56  10:03  Roach x4  
  56  10:04  Roach  
  63  10:08  Drone  
  63  10:09  Drone  
  63  10:13  Zergling x2  
  63  10:14  Zergling x4  
  68  10:17  Roach  
  70  10:28  Drone x2  
  72  10:32  Hatchery  
  72  10:34  Roach  
  58  11:05  Roach  
  58  11:06  Roach x6  
  67  11:26  Queen x2  
  67  11:27  Roach x2  
  67  11:28  Roach x3  
  81  11:37  Roach  
  81  11:38  Roach  
  87  11:40  Roach x2  
  89  11:49  Roach  
  91  12:01  Queen  
  83  12:12  Roach  
  83  12:13  Roach x4  
  93  12:18  Centrifical Hooks  
  93  12:23  Roach  
  93  12:26  Roach  
  93  12:28  Roach  
  65  13:08  Drone  
  65  13:09  Roach x4  
  65  13:10  Roach x5  
  82  13:21  Roach x2  
  78  13:27  Roach x2  
  78  13:28  Roach  
  84  13:46  Roach x2  
  84  13:47  Roach x2  
  90  13:56  Hatchery  
  87  14:04  Hatchery  
  80  14:17  Ravager x2  
  80  14:21  Queen  
  80  14:22  Queen  
  80  14:23  Zergling x10  
  83  14:40  Zergling x2  
  83  14:41  Zergling x4  
  83  14:44  Zerg Melee Weapons Level 1  
  74  14:51  Zergling x4  
  72  14:58  Drone x2  
  74  15:04  Queen  
  74  15:05  Queen  
  74  15:06  Drone, Zerg Ground Armor Level 2  
  79  15:25  Drone  
  79  15:26  Drone x3  
  83  15:35  Drone  
  84  15:36  Roach x2  
  84  15:39  Roach x2  
  94  15:43  Roach  
  94  15:49  Extractor x2  
  92  15:50  Drone x3  
  92  15:52  Spine Crawler  
  92  15:53  Spine Crawler  
  92  15:54  Spine Crawler  
  89  16:09  Spine Crawler  
  89  16:11  Spine Crawler x2  
  77  16:19  Baneling x6  
  77  16:20  Baneling  
  62  16:37  Zergling x2  
  62  16:38  Zergling x18  
  50  16:49  Spine Crawler  
  50  16:50  Spine Crawler  
  48  17:00  Baneling x3  
  48  17:01  Baneling x10  
  43  17:05  Roach  
  39  17:09  Roach  
  39  17:18  Roach  
Tags
 
Add a new tag
Caveats
  • Supply blocks, unpowered buildings, or Contaminate may cause inaccurate times.
  • Supply counts are checked every 10 seconds.